[Event "FIDE WCCC G12 2018"]
[Site "Santiago de Compostela"]
[Date "2018.11.04"]
[Round "1"]
[White "Andrukhovich, Elizaveta"]
[Black "Zvereva, Margarita"]
[Result "0-1"]
[ECO "B92"]
[WhiteElo "1508"]
[BlackElo "1787"]
[Annotator "NA RC"]
[PlyCount "114"]
[EventDate "2018.11.04"]
[EventType "swiss"]
[EventCountry "ESP"]
[SourceTitle "playchess.com"]
[Source "ChessBase"]
[SourceQuality "1"]
[TimeControl "40/5400+30:1800+30"]

1. e4 c5 2. Nf3 d6 3. d4 cxd4 4. Nxd4 Nf6 5. Nc3 a6 6. Be2 e5 7. Nb3 Be7 8. Bf3 O-O 9. O-O Qc7 10. Bg5 Nbd7 11. Qd2 b6 12. Ne2 Nc5 13. Ng3 Rd8 14. Bxf6 Bxf6 15. Rad1 Be6 16. Rfe1 Rac8 17. Qe2 b5 18. Nf1 Bg5 19. Bg4 Bc4 20. Qf3 Rb8 21. Ne3 Bxe3 22. Rxe3 Na4 23. Rb1 d5 24. exd5 Bxd5 25. Qe2 Re8 26. c3 Nb6 27. Rd1 Rbd8 28. Qc2 Bc4 29. Ree1 Qe7 30. Qe4 Bd5 31. Qe2 Nc4 32. Rd3 e4 33. Rh3 g6 34. Rg3 Kh8 35. Nd4 b4 36. b3 Ne5 37. c4 Bb7 38. Rd1 Nd3 39. Nc2 f5 40. Bh3 f4 41. Rg4 Bc8 42. Ne1 Bxg4 43. Bxg4 Nxe1 44. Rxe1 Qe5 45. a3 bxa3 46. b4 Qc3 47. c5 a2 48. Qf1 e3 49. fxe3 fxe3 50. Rc1 Qd4 51. Be2 Rf8 52. Qe1 Rf2 53. Bxa6 Qd2 54. Qxd2 Rfxd2 55. Rf1 Rd1 56. c6 Rxf1+ 57. Bxf1 a1=Q 0-1

[Event "FIDE WCCC G12 2018"]
[Site "Santiago de Compostela"]
[Date "2018.11.04"]
[Round "1"]
[White "Putinceva, Marina"]
[Black "Nurmanova, Alua"]
[Result "1/2-1/2"]
[ECO "B84"]
[WhiteElo "1503"]
[BlackElo "1780"]
[Annotator "NA"]
[PlyCount "52"]
[EventDate "2018.11.04"]
[EventType "swiss"]
[EventCountry "ESP"]
[SourceTitle "playchess.com"]
[Source "ChessBase"]
[SourceQuality "1"]
[TimeControl "40/5400+30:1800+30"]

1. e4 c5 2. Nf3 d6 3. d4 cxd4 4. Nxd4 Nf6 5. Nc3 a6 6. Be2 e6 7. Be3 Be7 8. O-O O-O 9. a4 Nc6 10. Qd2 Qc7 11. f4 Nxd4 12. Qxd4 e5 13. fxe5 dxe5 14. Qb6 Qb8 15. Nd5 Bd8 16. Nxf6+ gxf6 17. Qb3 Be6 18. Qa3 Re8 19. Bh6 Kh8 20. Rf3 Be7 21. Rg3 Bxa3 22. Bg7+ Kg8 23. Bh6+ Kh8 24. Bg7+ Kg8 25. Bh6+ Kh8 26. Bg7+ Kg8 1/2-1/2

[Event "FIDE WCCC G12 2018"]
[Site "Santiago de Compostela"]
[Date "2018.11.04"]
[Round "1"]
[White "Gulieva, Karina"]
[Black "Butenandt, Svenja"]
[Result "0-1"]
[ECO "A00"]
[WhiteElo "1475"]
[BlackElo "1775"]
[Annotator "NA RC"]
[PlyCount "84"]
[EventDate "2018.11.04"]
[EventType "swiss"]
[EventCountry "ESP"]
[SourceTitle "playchess.com"]
[Source "ChessBase"]
[SourceQuality "1"]
[TimeControl "40/5400+30:1800+30"]

1. Nh3 d5 2. c4 c6 3. e3 Nf6 4. d4 Bf5 5. Nf4 e6 6. Nc3 Be7 7. Be2 h6 8. cxd5 exd5 9. O-O O-O 10. Bd3 Bxd3 11. Qxd3 Re8 12. a3 Bd6 13. b4 a6 14. Na4 Qc7 15. g3 Nbd7 16. Bb2 Nb6 17. Nc5 Nc4 18. Qc2 Ne4 19. Nxe4 Rxe4 20. Nd3 Rae8 21. Nc5 Rg4 22. Bc1 h5 23. Qf5 Bxc5 24. bxc5 g6 25. Qc2 Rge4 26. Qb3 Rb8 27. f3 Re7 28. e4 Rbe8 29. Bf4 Qd7 30. Bg5 Re6 31. e5 Rb8 32. g4 b6 33. gxh5 gxh5 34. Rf2 Rg6 35. Rg2 Qh3 36. Rg3 Qf5 37. Bh4 Nd2 38. Qa4 Nxf3+ 39. Kh1 Nxh4 40. Rag1 Qe4+ 41. R3g2 Nxg2 42. Qd1 Ne3+ 0-1

[Event "FIDE WCCC G12 2018"]
[Site "Santiago de Compostela"]
[Date "2018.11.04"]
[Round "1"]
[White "Ray, Hiya"]
[Black "Sevcikova, Lucia"]
[Result "0-1"]
[ECO "E04"]
[WhiteElo "1455"]
[BlackElo "1768"]
[Annotator "NA RC"]
[PlyCount "107"]
[EventDate "2018.11.04"]
[EventType "swiss"]
[EventCountry "ESP"]
[SourceTitle "playchess.com"]
[Source "ChessBase"]
[SourceQuality "1"]
[TimeControl "40/5400+30:1800+30"]

1. d4 d5 2. Nf3 Nf6 3. c4 e6 4. g3 dxc4 5. Bg2 Nc6 6. O-O Rb8 7. Bf4 Nd5 8. Qd2 Nxf4 9. Qxf4 Be7 10. Nc3 O-O 11. Rfd1 Nb4 12. Ne5 Bd6 13. Qe4 b5 14. a3 Bb7 15. Qg4 Nd5 16. Nxd5 exd5 17. Qf5 Qe7 18. f4 Rfe8 19. Bf3 Bxe5 20. fxe5 Qe6 21. Qf4 a5 22. Bg4 Qb6 23. Rf1 Rf8 24. Bh5 g6 25. Bg4 Bc8 26. Bxc8 Rbxc8 27. Qg4 Qe6 28. Qg5 Rce8 29. Rf6 Qd7 30. Raf1 Kg7 31. Qf4 Re7 32. h4 h5 33. Qg5 Re6 34. R6f4 Qe7 35. Rf6 Qe8 36. g4 Rh8 37. R6f4 Qe7 38. Rf6 Qe8 39. R6f3 hxg4 40. Qxg4 Re7 41. Rg3 Qd7 42. Qg5 Re6 43. h5 Qd8 44. Rf6 Rxf6 45. exf6+ Qxf6 46. Qxd5 Qd6 47. Qg5 Qxd4+ 48. Kg2 Qxb2 49. hxg6 Qxe2+ 50. Kg1 Qe1+ 51. Kg2 Qh1+ 52. Kf2 Rh2+ 53. Ke3 Qc1+ 54. Kd4 0-1

[Event "FIDE WCCC G12 2018"]
[Site "Santiago de Compostela"]
[Date "2018.11.04"]
[Round "1"]
[White "Correa Roque, Yanira"]
[Black "Eswaran, Aksithi"]
[Result "0-1"]
[ECO "B21"]
[WhiteElo "1418"]
[BlackElo "1760"]
[Annotator "NA"]
[PlyCount "52"]
[EventDate "2018.11.04"]
[EventType "swiss"]
[EventCountry "ESP"]
[SourceTitle "playchess.com"]
[Source "ChessBase"]
[SourceQuality "1"]
[TimeControl "40/5400+30:1800+30"]

1. e4 c5 2. d4 cxd4 3. c3 dxc3 4. Nxc3 e6 5. a3 Nc6 6. Nf3 d6 7. Bc4 a6 8. O-O Be7 9. Bf4 e5 10. Be3 Nf6 11. Qb3 O-O 12. Ng5 Qe8 13. Bd5 h6 14. Nf3 Rb8 15. Nd2 Bd7 16. f4 Ng4 17. Rae1 Nxe3 18. Rxe3 exf4 19. Re2 Nd4 20. Qd1 Nxe2+ 21. Qxe2 Bf6 22. Rxf4 Be6 23. Bxe6 Qxe6 24. Nd5 Bg5 25. Rf3 Rbc8 26. Nb3 Rfe8 0-1

[Event "FIDE WCCC G12 2018"]
[Site "Santiago de Compostela"]
[Date "2018.11.04"]
[Round "1"]
[White "Petricenco, Ana"]
[Black "Savitha Shri B"]
[Result "0-1"]
[ECO "B00"]
[WhiteElo "1414"]
[BlackElo "1745"]
[Annotator "NA RC"]
[PlyCount "94"]
[EventDate "2018.11.04"]
[EventType "swiss"]
[EventCountry "ESP"]
[SourceTitle "playchess.com"]
[Source "ChessBase"]
[SourceQuality "1"]
[TimeControl "40/5400+30:1800+30"]

1. e4 b6 2. d4 Bb7 3. Nc3 e6 4. Nf3 Bb4 5. Bd3 Nf6 6. Qe2 d5 7. e5 Ne4 8. Bd2 Bxc3 9. Bxc3 c5 10. Bd2 Nxd2 11. Qxd2 c4 12. Be2 Nc6 13. c3 b5 14. O-O O-O 15. Bd1 f6 16. exf6 Qxf6 17. Bc2 e5 18. dxe5 Nxe5 19. Nxe5 Qxe5 20. Rae1 Qd6 21. Qg5 Rf6 22. h3 Raf8 23. Re2 b4 24. Rfe1 h6 25. Qh5 Qb6 26. Qh4 a5 27. Qg3 Bc8 28. Rf1 Qa7 29. Qe5 Qb7 30. Rd2 Be6 31. Re2 Bf7 32. Qd4 Be6 33. Qc5 Qa6 34. Rfe1 Bf7 35. cxb4 axb4 36. Qxb4 d4 37. Rd2 d3 38. Bd1 Bd5 39. Qc5 Qa8 40. f3 Rf5 41. Qc7 Qxa2 42. Re7 Bf7 43. Qg3 c3 44. Rxd3 cxb2 45. Rd2 b1=Q 46. Rxa2 Qxd1+ 47. Kh2 Rg5 0-1

[Event "FIDE WCCC G12 2018"]
[Site "Santiago de Compostela"]
[Date "2018.11.05"]
[Round "2"]
[White "Vicze, Kata"]
[Black "Rueda Nessi, Juana"]
[Result "1-0"]
[ECO "C55"]
[WhiteElo "1828"]
[BlackElo "1642"]
[Annotator "NA RC"]
[PlyCount "71"]
[EventDate "2018.11.04"]
[EventType "swiss"]
[EventCountry "ESP"]
[SourceTitle "playchess.com"]
[Source "ChessBase"]
[SourceQuality "1"]
[TimeControl "40/5400+30:1800+30"]

1. e4 e5 2. Nf3 Nc6 3. d4 exd4 4. Bc4 Nf6 5. e5 d5 6. Bb5 Ne4 7. Nxd4 Bd7 8. Bxc6 bxc6 9. O-O Bc5 10. Be3 Bb6 11. f3 Ng5 12. f4 Ne4 13. Nd2 c5 14. N4f3 Nxd2 15. Qxd2 d4 {[%emt 0:00:38] C56: Two Knights: 4 d4 exd4 5 0-0 Nxe4} 16. Bf2 Bc6 17. Bh4 (17. a4 a5 18. f5 Qd5 19. Qg5 h6 20. Qxg7 O-O-O 21. Qf6 Rhg8 22. Bg3 c4 23. Kh1 {0-1 (38) Jones,G (2661)-L'Ami,E (2618) Wolvega 2014}) 17... Qd5 {[%emt 0:03:30] LiveBook: 6 Games} ({Black should try} 17... Qd7 $11) 18. Rad1 $146 ({Lieber Predecessor:} 18. f5 $14 Kd7 19. e6+ Kc8 20. exf7 Kb7 21. Qg5 Rhf8 22. a4 a5 23. Rae1 {0-1 (33) Westerberg,J (2412)-Belyakov,B (2456) Pardubice 2014}) 18... O-O 19. b3 Bb7 (19... f6 $11) 20. f5 Qe4 $1 21. Rde1 (21. Be7 $11) 21... Qxf5 22. Nxd4 Qh5 23. Nf5 Qg4 {[%emt 0:07:11] [#]} 24. Rf4 $1 c4+ 25. Kh1 Qh3 26. Ref1 Ba5 27. Qe2 Bc3 28. Bg3 $2 (28. Rg4 Bxg2+ 29. Rxg2) 28... g5 29. Rg4 Qh5 30. Bh4 Kh8 31. Bxg5 f6 32. Bxf6+ Rxf6 33. exf6 Re8 34. Qxc4 Bxf6 {[%emt 0:03:29] [#]} 35. Ne7 $18 Bxe7 36. Qd4+ 1-0

[Event "FIDE WCCC G12 2018"]
[Site "Santiago de Compostela"]
[Date "2018.11.05"]
[Round "2"]
[White "Shuqja, Klean"]
[Black "Alimova, Dana"]
[Result "1-0"]
[ECO "C02"]
[WhiteElo "1798"]
[BlackElo "1628"]
[Annotator "NA"]
[PlyCount "131"]
[EventDate "2018.11.04"]
[EventType "swiss"]
[EventCountry "ESP"]
[SourceTitle "playchess.com"]
[Source "ChessBase"]
[SourceQuality "1"]
[TimeControl "40/5400+30:1800+30"]

1. e4 e6 2. d4 d5 3. e5 c5 4. c3 Nc6 5. Nf3 Bd7 6. a3 f6 7. Bd3 Qc7 8. Bf4 c4 9. Bc2 O-O-O 10. O-O h5 11. Bg6 Nge7 12. exf6 Qxf4 13. fxe7 Bxe7 14. Qe2 Bd6 15. Qe3 Qg4 16. Bc2 Bf4 17. Qe1 h4 18. Nbd2 Qh5 19. Ba4 Qf5 20. Qe2 g5 21. Bxc6 Bxc6 22. b3 g4 23. Ne5 h3 24. g3 Bxd2 25. Qxd2 cxb3 26. Qe2 Kc7 27. Qxg4 Qxg4 28. Nxg4 Bb5 29. Rfb1 Bc4 30. Ne5 Rhf8 31. a4 Rf5 32. f4 Kd6 33. Kf2 Ra8 34. a5 Rff8 35. Nf3 b5 36. Nd2 Rae8 37. Ke3 Rb8 38. Nxb3 b4 39. Kd2 bxc3+ 40. Kxc3 Bxb3 41. Rxb3 Rfc8+ 42. Kb2 Rxb3+ 43. Kxb3 Rb8+ 44. Kc3 Rc8+ 45. Kd3 Rb8 46. Ra2 Rb1 47. Ke3 Rb3+ 48. Ke2 Rb4 49. Rd2 Ra4 50. Kf3 Rxa5 51. Kg4 Ke7 52. Kxh3 Kf6 53. Kg4 Rb5 54. h4 Rb7 55. h5 Rg7+ 56. Kf3 Kf5 57. h6 Rh7 58. g4+ Kf6 59. g5+ Kg6 60. Re2 Re7 61. Re5 a5 62. Kg4 a4 63. Rxe6+ Rxe6 64. f5+ Kh7 65. fxe6 a3 66. e7 1-0

[Event "FIDE WCCC G12 2018"]
[Site "Santiago de Compostela"]
[Date "2018.11.05"]
[Round "2"]
[White "Zvereva, Margarita"]
[Black "Minaeva, Juliana"]
[Result "1-0"]
[ECO "B92"]
[WhiteElo "1787"]
[BlackElo "1608"]
[Annotator "NA RC"]
[PlyCount "85"]
[EventDate "2018.11.04"]
[EventType "swiss"]
[EventCountry "ESP"]
[SourceTitle "playchess.com"]
[Source "ChessBase"]
[SourceQuality "1"]
[TimeControl "40/5400+30:1800+30"]

1. e4 c5 2. Nf3 d6 3. d4 cxd4 4. Nxd4 Nf6 5. Nc3 a6 6. Be2 e5 7. Nb3 Be7 8. Be3 Be6 9. Nd5 Nxd5 10. exd5 Bf5 11. a4 a5 12. O-O O-O 13. c4 Nd7 14. Qd2 Bg6 15. Kh1 f5 16. f4 exf4 17. Bxf4 b6 18. Nd4 Nc5 19. Bf3 Qd7 20. Qc2 Rac8 21. Nc6 Bf6 22. Rae1 Ne4 23. Bxe4 fxe4 24. Be3 Qc7 25. Qb3 Qb7 26. Nxa5 Qa6 27. Qxb6 Qxb6 28. Bxb6 Bxb2 29. Nc6 Rfe8 30. h3 Bc3 31. Re2 Kh8 32. a5 Bf6 33. Be3 Ra8 34. Ra2 h6 35. a6 Bg5 36. Re1 Bh4 37. Ree2 Bf6 38. a7 Rec8 39. Rec2 Be8 40. Ra6 Bxc6 41. Rxc6 Rxc6 42. dxc6 Bd8 43. Rb2 1-0

[Event "FIDE WCCC G12 2018"]
[Site "Santiago de Compostela"]
[Date "2018.11.05"]
[Round "2"]
[White "Butenandt, Svenja"]
[Black "Lobo Pereira, Arami"]
[Result "1-0"]
[ECO "D85"]
[WhiteElo "1775"]
[BlackElo "1592"]
[Annotator "NA RC"]
[PlyCount "103"]
[EventDate "2018.11.04"]
[EventType "swiss"]
[EventCountry "ESP"]
[SourceTitle "playchess.com"]
[Source "ChessBase"]
[SourceQuality "1"]
[TimeControl "40/5400+30:1800+30"]

1. d4 Nf6 2. c4 g6 3. Nc3 d5 4. cxd5 Nxd5 5. e4 Nxc3 6. bxc3 Bg7 7. Nf3 c5 8. Be3 Qa5 9. Nd2 O-O 10. Be2 Rd8 11. O-O cxd4 12. cxd4 Nc6 13. Nb3 Qb4 14. Rb1 Qa4 15. Qd2 b6 16. Rfc1 Bb7 17. Rc4 Qa3 18. Qc2 Qd6 19. d5 Nb4 20. Qd2 Ba6 21. Qxb4 Qxb4 22. Rxb4 Bxe2 23. Nc1 Bd1 24. Nb3 Bxb3 25. R4xb3 Rdc8 26. a4 Bc3 27. Rc1 Ba5 28. Rbb1 h5 29. f3 f6 30. Bf4 Bc3 31. Kf1 Bd4 32. Ke2 Bc5 33. Rc2 Kf7 34. Rbc1 Ke8 35. Be3 Kd7 36. Bxc5 bxc5 37. Rxc5 Rxc5 38. Rxc5 Kd6 39. Rb5 e6 40. Ra5 a6 41. Kd3 e5 42. g3 g5 43. Ke3 g4 44. fxg4 hxg4 45. Kf2 Ra7 46. Kg2 Ra8 47. h3 gxh3+ 48. Kxh3 Kc7 49. Rc5+ Kd6 50. Rc6+ Ke7 51. Kg4 Rg8+ 52. Kf3 1-0

[Event "FIDE WCCC G12 2018"]
[Site "Santiago de Compostela"]
[Date "2018.11.05"]
[Round "2"]
[White "Sevcikova, Lucia"]
[Black "Cai, Jinru"]
[Result "1-0"]
[ECO "B07"]
[WhiteElo "1768"]
[BlackElo "1578"]
[Annotator "NA"]
[PlyCount "153"]
[EventDate "2018.11.04"]
[EventType "swiss"]
[EventCountry "ESP"]
[SourceTitle "playchess.com"]
[Source "ChessBase"]
[SourceQuality "1"]
[TimeControl "40/5400+30:1800+30"]

1. e4 d6 2. d4 Nf6 3. Nc3 g6 4. Be3 Bg7 5. Qd2 c6 6. Bh6 O-O 7. f3 Qa5 8. O-O-O b5 9. Kb1 Bxh6 10. Qxh6 Be6 11. d5 Bd7 12. Qd2 b4 13. Nce2 cxd5 14. exd5 Na6 15. Nc1 Nc7 16. Bc4 Bb5 17. Bb3 Ba4 18. Nge2 Rab8 19. Nf4 Bxb3 20. Nxb3 Qb5 21. Rhe1 g5 22. Rxe7 Qc4 23. Nh3 h6 24. Nf2 Nfxd5 25. Re4 Qc6 26. h4 f6 27. hxg5 fxg5 28. Rh1 Nf6 29. Re7 Ncd5 30. Rxa7 Qb6 31. Ra5 Kg7 32. Qd4 Qc6 33. Ra7+ Rf7 34. Rxf7+ Kxf7 35. Rxh6 Rc8 36. Qd2 Nf4 37. Nd3 N4h5 38. Nxb4 Qc4 39. a3 d5 40. g4 Nf4 41. Qd4 Qxd4 42. Nxd4 Rc4 43. Nf5 Rc7 44. Rh1 Ng6 45. Re1 Nf4 46. a4 Ra7 47. b3 Rc7 48. a5 Ra7 49. a6 Ne8 50. Nd4 Nd6 51. Ndc6 Ra8 52. a7 Nc8 53. Na6 Ne6 54. Nab4 Nxa7 55. Nxa7 Rxa7 56. Nxd5 Rb7 57. Kb2 Rd7 58. c4 Rb7 59. Kc3 Nc5 60. b4 Ne6 61. c5 Ra7 62. Kc4 Ra2 63. Re3 Rc2+ 64. Rc3 Rd2 65. Rd3 Rc2+ 66. Nc3 Nf4 67. Re3 Rd2 68. b5 Ne6 69. b6 Rb2 70. Ne4 Rc2+ 71. Rc3 Rb2 72. Rb3 Rc2+ 73. Nc3 Rd2 74. b7 Rd4+ 75. Kb5 Rd8 76. Kb6 Ke7 77. c6 1-0

[Event "FIDE WCCC G12 2018"]
[Site "Santiago de Compostela"]
[Date "2018.11.05"]
[Round "2"]
[White "Eswaran, Aksithi"]
[Black "Baalla, Nura"]
[Result "0-1"]
[ECO "C02"]
[WhiteElo "1760"]
[BlackElo "1565"]
[Annotator "NA RC"]
[PlyCount "106"]
[EventDate "2018.11.04"]
[EventType "swiss"]
[EventCountry "ESP"]
[SourceTitle "playchess.com"]
[Source "ChessBase"]
[SourceQuality "1"]
[TimeControl "40/5400+30:1800+30"]

1. e4 e6 2. d4 d5 3. e5 c5 4. c3 Nc6 5. Nf3 Qb6 6. a3 cxd4 7. cxd4 Nh6 8. b4 Nf5 9. Bb2 Bd7 10. g4 Nh6 11. h3 f6 12. exf6 gxf6 13. Nc3 Nf7 14. Bg2 Nd6 15. Na4 Qd8 16. Nc5 b6 17. Nxd7 Qxd7 18. g5 Rg8 19. h4 a5 20. O-O fxg5 21. Nxg5 h6 22. Qh5+ Kd8 23. Nh3 Nf5 24. Nf4 Bd6 25. Nxe6+ Qxe6 26. Rae1 Qf6 27. Kh1 Nce7 28. Bh3 Qxh4 29. Qxh4 Nxh4 30. Re6 Nhf5 31. Rf6 axb4 32. Bxf5 Nxf5 33. Rxf5 bxa3 34. Ba1 Rg5 35. Rf6 Rh5+ 36. Kg2 Ke7 37. Rg6 Rg5+ 38. Rxg5 hxg5 39. Re1+ Kd7 40. f3 Re8 41. Rb1 Rb8 42. Kh3 b5 43. Kg4 Be7 44. Kf5 b4 45. Rb3 Kc6 46. Ke6 Bf8 47. Rd3 Rd8 48. Rb3 Kb5 49. Kf5 Ka4 50. Rb1 b3 51. Kxg5 Rb8 52. Bc3 Bb4 53. Bxb4 Rxb4 0-1

[Event "FIDE WCCC G12 2018"]
[Site "Santiago de Compostela"]
[Date "2018.11.05"]
[Round "2"]
[White "Savitha Shri B"]
[Black "Oz, Irem Ezra"]
[Result "1-0"]
[ECO "A06"]
[WhiteElo "1745"]
[BlackElo "1564"]
[Annotator "NA RC"]
[PlyCount "115"]
[EventDate "2018.11.04"]
[EventType "swiss"]
[EventCountry "ESP"]
[SourceTitle "playchess.com"]
[Source "ChessBase"]
[SourceQuality "1"]
[TimeControl "40/5400+30:1800+30"]

1. Nf3 d5 2. g3 Nf6 3. Bg2 c6 4. O-O Bf5 5. d3 e6 6. Nbd2 h6 7. c3 Be7 8. Qc2 O-O 9. e4 Bh7 10. Re1 Na6 11. b4 Nc7 12. Bb2 c5 13. bxc5 Bxc5 14. Nb3 Be7 15. c4 Rc8 16. Rad1 Na6 17. Qe2 Bb4 18. Rf1 dxc4 19. dxc4 Qe7 20. Nfd4 Nd7 21. Nb5 Nac5 22. a3 Nxb3 23. axb4 a5 24. Qd3 Nbc5 25. bxc5 Nxc5 26. Qd4 f6 27. Ba3 b6 28. Qd6 Qxd6 29. Rxd6 Rfd8 30. Rxb6 Nxe4 31. Bxe4 Bxe4 32. Nd6 Rc6 33. Rxc6 Bxc6 34. Rb1 e5 35. Rb6 Bf3 36. c5 Kh7 37. c6 Bxc6 38. Rxc6 Rb8 39. Rc7 Kg6 40. g4 Rg8 41. h4 h5 42. f3 a4 43. Nf5 Kh7 44. g5 fxg5 45. hxg5 Kh8 46. Bd6 a3 47. Bxe5 a2 48. Nxg7 Ra8 49. Ne6+ Kg8 50. Rg7+ Kh8 51. Ra7+ Kg8 52. Rxa8+ Kf7 53. Nf4 h4 54. Ra7+ Ke8 55. g6 h3 56. g7 h2+ 57. Kxh2 Kd8 58. g8=Q# 1-0

[Event "FIDE WCCC G12 2018"]
[Site "Santiago de Compostela"]
[Date "2018.11.05"]
[Round "2"]
[White "Francisco Guecamburu, Candela Be"]
[Black "Zhai, Pinran"]
[Result "1/2-1/2"]
[ECO "B52"]
[WhiteElo "1725"]
[BlackElo "1558"]
[Annotator "NA RC"]
[PlyCount "94"]
[EventDate "2018.11.04"]
[EventType "swiss"]
[EventCountry "ESP"]
[SourceTitle "playchess.com"]
[Source "ChessBase"]
[SourceQuality "1"]
[TimeControl "40/5400+30:1800+30"]

1. e4 c5 2. Nf3 d6 3. Bb5+ Bd7 4. Bxd7+ Nxd7 5. O-O Ngf6 6. Re1 e6 7. c3 Be7 8. d4 cxd4 9. cxd4 O-O 10. Nc3 Nb6 11. Qd3 Rc8 12. b3 a6 13. Bb2 Nfd7 14. Red1 Na8 15. Rac1 b5 16. Ne2 Nab6 17. g3 d5 18. e5 Re8 19. Kg2 f5 20. h4 Nf8 21. Nf4 Qd7 22. Rh1 Rxc1 23. Bxc1 a5 24. h5 a4 25. Nh3 axb3 26. axb3 Rc8 27. h6 g6 28. Nhg5 Na8 29. Bd2 Nc7 30. Rh4 Na6 31. g4 Nb4 32. Qe2 Nc2 33. gxf5 gxf5 34. Rh3 Ng6 35. Rg3 Rf8 36. Kh2 Kh8 37. Qf1 f4 38. Rg4 Rf5 39. Qg2 Bd8 40. Nxh7 Rh5+ 41. Kg1 Qxh7 42. Rxg6 Rxh6 43. Rxh6 Qxh6 44. Qh2 Qxh2+ 45. Kxh2 Na1 46. Kh3 Nxb3 47. Kg4 Kg7 1/2-1/2

[Event "FIDE WCCC G12 2018"]
[Site "Santiago de Compostela"]
[Date "2018.11.05"]
[Round "2"]
[White "Boramanikar Tanisha S"]
[Black "Kovacsi, Sara Kata"]
[Result "1-0"]
[ECO "B21"]
[WhiteElo "1716"]
[BlackElo "1554"]
[Annotator "NA"]
[PlyCount "115"]
[EventDate "2018.11.04"]
[EventType "swiss"]
[EventCountry "ESP"]
[SourceTitle "playchess.com"]
[Source "ChessBase"]
[SourceQuality "1"]
[TimeControl "40/5400+30:1800+30"]

1. e4 c5 2. d4 cxd4 3. c3 Nf6 4. e5 Nd5 5. Bc4 Nb6 6. Bb3 e6 7. Nf3 Nc6 8. O-O Qc7 9. cxd4 d6 10. Re1 dxe5 11. dxe5 Be7 12. Nc3 O-O 13. Bf4 Rd8 14. Qe2 Na5 15. Nb5 Qb8 16. Be3 Nxb3 17. axb3 Bd7 18. Nxa7 Rxa7 19. Bxb6 Rxa1 20. Rxa1 Rc8 21. Be3 Bc6 22. h3 Bd5 23. Qd1 Bc5 24. Bxc5 Rxc5 25. Nd4 b6 26. Qe2 h6 27. Qe3 Qc7 28. f4 Qb7 29. Qg3 b5 30. Qf2 Qb6 31. Rd1 Rc7 32. Kf1 Qc5 33. Rd2 Qb4 34. Qe3 Rc1+ 35. Kf2 Rc7 36. Qd3 Rb7 37. Qc3 Qxc3 38. bxc3 Kf8 39. Ke3 Ke7 40. Nf5+ Kf8 41. Nd6 Rb6 42. Ra2 f6 43. c4 bxc4 44. bxc4 Bc6 45. Kd4 fxe5+ 46. Kc5 Rb8 47. Kxc6 exf4 48. Kc7 Rb3 49. c5 Rc3 50. Kd7 g5 51. c6 h5 52. c7 g4 53. c8=Q+ Rxc8 54. Nxc8 Kf7 55. hxg4 hxg4 56. Rf2 e5 57. Kd6 Kf6 58. Ne7 1-0

[Event "FIDE WCCC G12 2018"]
[Site "Santiago de Compostela"]
[Date "2018.11.05"]
[Round "2"]
[White "Denic, Hana"]
[Black "Kairbekova, Amina"]
[Result "0-1"]
[ECO "C17"]
[WhiteElo "1636"]
[BlackElo "1939"]
[Annotator "NA RC"]
[PlyCount "74"]
[EventDate "2018.11.04"]
[EventType "swiss"]
[EventCountry "ESP"]
[SourceTitle "playchess.com"]
[Source "ChessBase"]
[SourceQuality "1"]
[TimeControl "40/5400+30:1800+30"]

1. e4 e6 2. d4 d5 3. Nc3 Bb4 4. e5 c5 5. Nf3 Nc6 6. Bd2 {[%emt 0:05:48] C17: French: 3 Nc3 Bb4 4 e5 c5 sidelines} (6. dxc5 Nge7 7. Bb5 Bxc5 8. O-O a6 9. Bxc6+ Nxc6 10. Bg5 Qc7 11. Re1 Qb6 12. Qd2 Qxb2 13. a3 Qb6 {0-1 (57) Fernandez Garcia,J (2478)-Cheparinov,I (2567) Collado Villalba 2004}) 6... cxd4 7. Nb5 {[%emt 0:01:33] LiveBook: 3 Games} Bc5 8. a4 $146 ({Predecessor:} 8. a3 a6 9. b4 axb5 10. bxc5 Bd7 11. Bd3 Qc7 12. Qe2 b4 13. a4 {½-½ (46) Vojta,T (2368)-Cech,P (2377) Rakovnik 2011}) 8... a6 9. Na3 $2 (9. b4 $17 axb5 10. bxc5 bxa4 11. c3) 9... Qc7 10. Qe2 (10. c3 $142) 10... Nge7 11. g3 Ng6 12. Bg2 Ngxe5 13. O-O Nxf3+ 14. Bxf3 O-O 15. Bg2 Qd6 16. Qh5 (16. c4 {was necessary.}) 16... e5 17. Nb1 Be6 18. Kh1 Qd7 19. h3 e4 20. Bf4 Rfe8 21. g4 Bd6 22. Bxd6 Qxd6 23. Nd2 Nb4 24. Rac1 Rac8 25. c4 e3 26. fxe3 dxe3 27. Nf3 e2 28. Rg1 Nd3 29. Qh4 Nxc1 30. Rxc1 Bd7 31. Re1 dxc4 32. Ng5 Qg6 33. Kg1 Bc6 34. Bxc6 Rxc6 35. Nf3 Qe4 36. Qg3 Rf6 37. Kg2 h6 0-1

[Event "FIDE WCCC G12 2018"]
[Site "Santiago de Compostela"]
[Date "2018.11.05"]
[Round "2"]
[White "Zavivaeva, Emilia"]
[Black "Omonova, Umida"]
[Result "0-1"]
[ECO "B36"]
[WhiteElo "1633"]
[BlackElo "1854"]
[Annotator "NA RC"]
[PlyCount "72"]
[EventDate "2018.11.04"]
[EventType "swiss"]
[EventCountry "ESP"]
[SourceTitle "playchess.com"]
[Source "ChessBase"]
[SourceQuality "1"]
[TimeControl "40/5400+30:1800+30"]

1. e4 c5 2. Nf3 Nc6 3. d4 cxd4 4. Nxd4 g6 5. c4 Nf6 6. Nc3 d6 7. Be2 Nxd4 8. Qxd4 Bg7 9. O-O O-O 10. Qd1 a5 {[%emt 0:03:23] B36: Sicilian: Maroczy Bind: Gurgenidze System} 11. Be3 {[%emt 0:03:52] LiveBook: 3 Partien} Be6 12. Rc1 a4 13. f3 Qa5 14. Nd5 $146 ({Predecessor:} 14. b3 axb3 15. axb3 Rfc8 16. Nb5 Nd7 {1-0 (32) Chan,W (2264)-Li,C (2622) Beijing 2008}) 14... Nxd5 15. exd5 Bf5 16. Bd4 Bh6 17. f4 e5 18. dxe6 Bxe6 19. Kh1 Rfe8 20. Bf6 Bf5 21. Bf3 Qb6 22. Bd5 Bg7 23. Bxg7 Kxg7 24. Qd2 Rac8 25. Rf3 Be4 26. Bxe4 Rxe4 27. f5 f6 28. fxg6 hxg6 29. b3 Rce8 30. h3 R8e5 31. Rd1 Re2 32. Qxd6 (32. Qf4 $11 Rf5 33. Qg4 Rxf3 34. Qxf3 Rxa2 35. bxa4) 32... Re1+ 33. Kh2 Qg1+ 34. Kg3 Rg5+ 35. Kh4 Re4+ 36. g4 Rh5# 0-1